nht, chaotic female elven Wizard % % (% | [ % % |.| |}--------------- $ [ |.| |}}}}}}|........|%%%!%%%[[ ) ******* ! %%%%%%% |.| |.....}|........|[[[[%%%%[ *! ******* %%%%%%% ? |.| |.....}|........| * ? |.|.| |.....#)...I....+ *! ( |.|.---.....}|........| ) |....)`.....}|........|%%%[%%%!% ))))))) ? [[[[[[[ |.|----}}}}}}|........|%%%%%%[%% ! ))) ) ! [[[[[[[ |/| |}--------------- | % %% % ` % nht the Thaumaturge Experience level: 8 Strength: 11 Dexterity: 10 Constitution: 11 Intelligence: 19 Wisdom: 9 Charisma: 10 Health: 0(55) Energy: 32(94) Def: 0 Gold: 344 Moves: 1447 Dungeon seed: ZeTsVtBYevRu-Fvq Game ID: nht_1434177530 Your Inventory: Coins $ - 344 gold pieces Weapons a - a blessed +1 quarterstaff Armor n - an uncursed +0 helmet Scrolls e - an uncursed scroll of enchant armor E - a blessed scroll of taming M - 5 uncursed scrolls of blank paper Q - an uncursed scroll of blank paper Spellbooks P - an uncursed spellbook of healing R - a blessed spellbook of blank paper Potions h - an uncursed potion of paralysis z - an uncursed potion of water Rings c - an uncursed ring of polymorph control d - an uncursed ring of fire resistance Wands o - a wand of teleportation (0:4) p - a wand of enlightenment (0:11) q - a wand of cold (0:4) D - a cursed wand of opening (0:3) Tools b - an uncursed sack f - an uncursed tooled horn i - an uncursed oil lamp (0:1000) x - a +0 pick-axe (weapon in hand) I - 9 uncursed tallow candles (0:200) L - a magic marker (0:29) O - an uncursed oil lamp (0:1227) Gems r - an uncursed worthless piece of orange glass Contents of the sack: an uncursed potion of paralysis Spells known in the end: Name Level Category Fail Memory a - force bolt 1 attack 0% 93% b - magic missile 2 attack 0% 93% c - remove curse 3 clerical 71% 93% d - detect monsters 1 divination 0% 97% Your skills at the end: Fighting Skills Weapon Skills quarterstaff [Basic] Spellcasting Skills attack spells [Basic] enchantment spells [Basic] Final Attributes: You were piously aligned. You were cold resistant. You were sleep resistant. You were blinded. You had infravision. You were unlucky. Anhur was angry with you. You are dead. Vanquished creatures: a lieutenant 2 winter wolves 8 soldiers a winter wolf cub a giant eel 3 gnome lords 2 gnomish wizards a golden naga hatchling 3 dwarves 2 monkeys a hobbit 2 giant rats 19 gnomes a manes a fox a kobold 2 goblins 2 grid bugs a lichen 54 creatures vanquished. Voluntary challenges: You used a wielded weapon 58 times, starting on turn 25. You read items or engraved 36 times, starting on turn 96. You never genocided any monsters. You never polymorphed an object. You never changed form. You used no wishes. You never split a pudding. You wrote Elbereth's name 24 times, starting on turn 116. You never violated your personal moral code. You disabled loading bones files. Dungeon overview: The Dungeons of Doom: levels 1 to 26 Level 1 a long staircase Level 2 (potions) a potion shop stairs to The Gnomish Mines Level 3 (jews) a jewelry store Level 4 Level 5 Level 6 a sink Level 7 Level 8 Level 9 Level 10 Level 11 Level 12 Level 13 (chauns) Level 14 (bees) Level 15 (bees) Level 16 (bees) Level 17 Level 18 Level 19 (chaotic temple) a temple to Anhur Level 20 a fountain Level 21 Level 22 Level 23 Level 24 Level 25 Level 26 <- You were here The Gnomish Mines: levels 3 to 7 Level 3 stairs to The Dungeons of Doom Level 4 Level 5 Level 6 some shops, a temple to Ptah, a fountain Level 7 History has recorded: On T:1 you entered the Dungeons of Doom to retrieve the Amulet of Yendor! On T:91 you reached level 2 of The Dungeons of Doom. On T:164 you advanced to experience level 2. On T:194 you reached level 1 of The Gnomish Mines. On T:211 you advanced to experience level 3. On T:236 you reached level 2 of The Gnomish Mines. On T:253 you advanced to experience level 4. On T:296 you reached level 3 of The Gnomish Mines. On T:339 you reached level 4 of The Gnomish Mines. On T:356 you reached level 5 of The Gnomish Mines. On T:379 you advanced to experience level 5. On T:485 you advanced to experience level 6. On T:649 you reached level 3 of The Dungeons of Doom. On T:720 you reached level 4 of The Dungeons of Doom. On T:810 you reached level 5 of The Dungeons of Doom. On T:835 you reached level 6 of The Dungeons of Doom. On T:841 you reached level 7 of The Dungeons of Doom. On T:867 you reached level 8 of The Dungeons of Doom. On T:893 you reached level 9 of The Dungeons of Doom. On T:930 you reached level 10 of The Dungeons of Doom. On T:952 you reached level 11 of The Dungeons of Doom. On T:974 you reached level 12 of The Dungeons of Doom. On T:997 you reached level 13 of The Dungeons of Doom. On T:1001 you reached level 14 of The Dungeons of Doom. On T:1027 you reached level 15 of The Dungeons of Doom. On T:1050 you reached level 16 of The Dungeons of Doom. On T:1053 you reached level 17 of The Dungeons of Doom. On T:1077 you reached level 18 of The Dungeons of Doom. On T:1098 you reached level 19 of The Dungeons of Doom. On T:1133 you reached level 20 of The Dungeons of Doom. On T:1156 you reached level 21 of The Dungeons of Doom. On T:1185 you reached level 22 of The Dungeons of Doom. On T:1209 you reached level 23 of The Dungeons of Doom. On T:1234 you reached level 24 of The Dungeons of Doom. On T:1257 you reached level 25 of The Dungeons of Doom. On T:1280 you reached The Castle. On T:1330 you advanced to experience level 7. On T:1335 you advanced to experience level 8. On T:1378 you advanced to experience level 9. Score breakdown: Gold: 344 ( 8632 points) Experience: 8 levels (14739 points) Exploration: 26 levels ( 54.17%) (21879 points) Discoveries: 13 items ( 4.68%) ( 6487 points) Valuables value: (no points given unless you survive) Artifact value: 0 ( 0 points) Variety of kills: 19 monsters ( 5.01%) ( 6717 points) Time penalty: 1447 turns ( 0 points) Survival: died (score multiplied by 80%) Total score: 46763 Latest messages: Never mind. I - 9 uncursed candles. L - an uncursed magic marker. O - an uncursed oil lamp. i - an uncursed oil lamp. r - an uncursed orange gem. An orange gem lands on the altar. You faint from lack of food. Something bites! (6x) Something's bite was poisoned! You die... Final status: Goodbye nht the Wizard, poisoned by a snake, while fainted from lack of food... You died in The Dungeons of Doom on dungeon level 26 with 46763 points, and 344 pieces of gold, after 1447 moves. You were level 8 with a maximum of 55 hit points when you died.